Cogmind - Beta 12 @@@ ROGUE MODE // 2023.10.05 @ 13:17:58 Player: LauraPalmer Result: Destroyed by S-10 Pest with Light Assault Rifle Performance ------------- Evolutions (0) 0 Regions Visited (1) 200 Robots Destroyed (18) 90 Value Destroyed (450) 450 Prototype IDs (2) 40 Alien Tech Used (0) 0 Bonus (0) 0 TOTAL SCORE: 780 Bonus ------- None Cogmind --------- Core Integrity 0/250 Matter 273/300 Energy 100/100 System Corruption 0% Temperature Cool (0) Movement Core (200) Ox3 Location -10/Materials Parts ------- > --- POWER (1) -------- (None) > --- PROPULSION (2) --- (None) > --- UTILITY (2) ------ Medium Storage Unit Hacking Suite > --- WEAPON (2) ------- Light Assault Rifle > --- INVENTORY (10) --- Ion Engine Light Ion Engine Aluminum Leg Aluminum Leg Aluminum Leg Wheel Medium Storage Unit Propulsion Shielding Propulsion Shielding Peak State ------------ > --- POWER ------------ Light Ion Engine > --- PROPULSION ------- Wheel Wheel > --- UTILITY ---------- Medium Storage Unit Hacking Suite > --- WEAPON ----------- Medium Laser Light Assault Rifle > --- INVENTORY -------- Light Ion Engine Aluminum Leg Aluminum Leg Aluminum Leg Aluminum Leg Compact Wheel Compact Wheel Propulsion Shielding Propulsion Shielding Light Assault Rifle [Rating: 10] Favorites ----------- Power Light Ion Engine Engine Light Ion Engine Propulsion Wheel Leg Aluminum Leg Wheel Wheel Utility Medium Storage Unit Storage Medium Storage Unit Hackware Hacking Suite Weapon Light Assault Rifle Energy Gun Medium Laser Ballistic Gun Light Assault Rifle Build | -11 -10 ------- Run | Jun Mat Slots Evolved . | . . Power . | . . Propulsion . | . . Utility . | . . Weapon . | . . Parts Attached 13 | 2 11 Power 1 | . 1 Engine 1 | . 1 Core . | . . Reactor . | . . Propulsion 7 | 2 5 Treads . | . . Leg 1 | . 1 Wheel 6 | 2 4 Hover . | . . Flight . | . . Utility 3 | . 3 Device . | . . Storage 2 | . 2 Processor . | . . Hackware 1 | . 1 Protection . | . . Artifact . | . . Weapon 2 | . 2 Energy Gun . | . . Energy Cannon . | . . Ballistic Gun 2 | . 2 Ballistic Cannon . | . . Launcher . | . . Special Weapon . | . . Impact Weapon . | . . Slashing Weapon . | . . Piercing Weapon . | . . Special Melee Weapon . | . . Unidentified Prototypes . | . . Parts Lost 9 | . 9 Power 2 | . 2 Propulsion 4 | . 4 Utility . | . . Weapon 3 | . 3 Highest Loss Streak 5 | . 5 To Critical Strikes . | . . Average Slot Usage (%) 86 | . 86 Engine 12 | . 12 Leg 1 | . 1 Wheel 22 | . 22 Storage 14 | . 14 Hackware 7 | . 7 Energy Gun 13 | . 13 Ballistic Gun 14 | . 14 Naked Turns . | . . Heaviest Build 18 | 11 18 Greatest Support 32 | 26 32 Greatest Overweight (x) 1 | . 1 Average Overweight (x) . | . . Largest Inventory Capacity 10 | 8 10 Average Capacity 9 | 8 9 Most Carried 10 | 7 10 Average Carried 9 | 6 9 Final Capacity 10 | 8 10 Final Carried 9 | 6 9 Class Distribution -------------------- 77% | Mutant 22% | Scavenger-Mutant Dominant Class ---------------- Mutant | -10/Materials Resources | -11 -10 ----------- Run | Jun Mat Matter Collected 352 | 155 197 Remotely . | . . Salvage Created 643 | . 643 Parts 41 | . 41 Haulers Intercepted . | . . Recyclers Shooed 2 | . 2 Parts Field Recycled . | . . Retrieved Matter . | . . Parts Self-Destructed . | . . Prevented . | . . Kills | -11 -10 ------- Run | Jun Mat Combat Hostiles Destroyed 13 | . 13 Guns 13 | . 13 Classes Destroyed 5 | . 5 Worker 2 | . 2 Recycler 2 | . 2 Operator 1 | . 1 Swarmer 2 | . 2 Grunt 11 | . 11 Best Kill Streak 5 | . 5 Combat Bots Only 5 | . 5 Max Kills in Single Turn 1 | . 1 Gunslinging . | . . Exploded . | . . Melee . | . . Uniques/NPCs Destroyed . | . . Combat | -11 -10 -------- Run | Jun Mat Damage Taken 850 | . 850 Core 250 | . 250 Absorbed by Shields . | . . Core Remaining (%) 100 | 100 . Volleys Fired 79 | . 79 Largest 2 | . 2 Hottest 70 | . 70 Shots Fired 148 | . 148 Gun 148 | . 148 Cannon . | . . Launcher . | . . Special . | . . Kinetic 84 | . 84 Thermal 64 | . 64 Explosive . | . . Electromagnetic . | . . Robot Hit Streak 8 | . 8 Robot Miss Streak 5 | . 5 Penetration Max . | . . Secondary Targets 4 | . 4 Max Gunslinging Chain 1 | . 1 Shots Hit Robots 79 | . 79 Core Hits 38 | . 38 Critical Kills 1 | . 1 Critical Parts Destroyed . | . . Critical Strikes 5 | . 5 Burn 4 | . 4 Destroy 1 | . 1 Melee Attacks . | . . Impact . | . . Slashing . | . . Piercing . | . . Sneak Attacks . | . . Combat Hostiles . | . . Follow-up Attacks . | . . Damage Inflicted 833 | . 833 Guns 833 | . 833 Cannons . | . . Explosions . | . . Melee . | . . Ramming . | . . Kinetic 357 | . 357 Thermal 476 | . 476 Explosive . | . . Electromagnetic . | . . Impact . | . . Slashing . | . . Piercing . | . . Highest Corruption . | . . Average Corruption . | . . Corruption Purged . | . . Corruption Blocked . | . . Overload Shots . | . . Overflow Damage . | . . Projectiles . | . . Explosions . | . . Melee . | . . Knockbacks . | . . Impact . | . . Kinetic . | . . Secondary . | . . Self-Inflicted Damage . | . . Shots . | . . Rammed . | . . Targets Rammed . | . . Kicked . | . . Crushed . | . . Highest Temperature 340 | . 340 Average Temperature 89 | . 89 Received Heat Transfer 375 | . 375 Siege Activations . | . . Robots Corrupted . | . . Combat Hostiles . | . . Parts Fried . | . . Impact Corruptions . | . . Robots Melted . | . . Combat Hostiles . | . . Parts Melted 2 | . 2 Heat Transferred 1702 | . 1702 Parts Sabotaged . | . . Parts Stolen . | . . Parts Stripped . | . . Power Chain Reactions . | . . Missiles Intercepted . | . . Alert | -11 -10 ------- Run | Jun Mat Peak Influence 241 | . 241 Initial . | . . Average 116 | . 117 Maximum Alert Level 1 | . 1 Low Security (%) 81 | 100 81 Level 1 18 | . 18 Level 2 . | . . Level 3 . | . . Level 4 . | . . Level 5 . | . . High Security . | . . Max Security . | . . Squads Dispatched 3 | . 3 Investigation 1 | . 1 Extermination . | . . Reinforcement 2 | . 2 Assault . | . . Garrison . | . . Intercept . | . . Searches Triggered . | . . Construction Impeded . | . . Haulers Reinforced . | . . Active Scanning Responses . | . . Cargo Convoy Interrupts . | . . Stealth | -11 -10 --------- Run | Jun Mat Distress Signals 2 | . 2 Communications Jammed . | . . Distress Signals . | . . Times Spotted 20 | . 20 Peak Tracking Total 8 | . 8 Tactical Retreats . | . . Traps | -11 -10 ------- Run | Jun Mat Traps Triggered . | . . Indirectly . | . . Trap Hack Attempts . | . . Triggered . | . . Disarmed . | . . Reprogrammed . | . . Reused . | . . Traps Extracted . | . . Installed . | . . Triggered . | . . Machines | -11 -10 ---------- Run | Jun Mat Machines Disabled . | . . Max in Single Turn . | . . Machines Repaired . | . . Machines Sabotaged . | . . Overloaded Fab Kills . | . . Hacking | -11 -10 --------- Run | Jun Mat Machines Accessed 4 | . 4 Terminals 4 | . 4 Fabricators . | . . Repair Stations . | . . Recycling Units . | . . Scanalyzers . | . . Garrison Access . | . . Total Hacks 19 | . 19 Successful 9 | . 9 Failed 10 | . 10 Catastrophic 2 | . 2 Database Lockouts . | . . Manual 11 | . 11 Terminals 19 | . 19 Fabricators . | . . Repair Stations . | . . Recycling Units . | . . Scanalyzers . | . . Garrison Access . | . . Terminal Hacks 9 | . 9 Prototype ID Bank 1 | . 1 Branch Access Points 1 | . 1 Terminal Index 1 | . 1 Locate Traps 1 | . 1 Transport Status 1 | . 1 Hauler Manifests 1 | . 1 Registered Components 1 | . 1 Registered Prototypes 1 | . 1 Zone Layout 1 | . 1 Fabricator Hacks . | . . Repair Station Hacks . | . . Recycling Unit Hacks . | . . Scanalyzer . | . . Garrison Access Hacks . | . . Unauthorized Hacks . | . . Terminals . | . . Fabricators . | . . Repair Stations . | . . Recycling Units . | . . Scanalyzers . | . . Garrison Access . | . . Data Cores Recovered . | . . Used . | . . Hacking Detections 4 | . 4 Full Trace Events 2 | . 2 Feedback Events . | . . Feedback Blocked . | . . Robot Schematics Acquired . | . . Robots Built . | . . Authchips . | . . Time . | . . Total Robot Build Rating . | . . Part Schematics Acquired . | . . Parts Built . | . . Authchips . | . . Time . | . . Total Part Build Rating . | . . Parts Repaired . | . . Time . | . . Parts Recycled . | . . Recycled Matter . | . . Retrieved Matter . | . . Retrieved Components . | . . Parts Scanalyzed . | . . Part Schematics Acquired . | . . Parts Damaged . | . . Bothacking | -11 -10 ------------ Run | Jun Mat Used RIF Installer . | . . Robots Hacked . | . . Non-combat . | . . Combat . | . . Robot Hacks Applied . | . . Relay Couplers Released . | . . Fabnet Peak Effective % . | . . Robots Rewired . | . . Allies Hacked . | . . Hacks Repelled . | . . Allies | -11 -10 -------- Run | Jun Mat Total Allies . | . . Largest Group . | . . Highest-Rated Group . | . . Highest-Rated Ally . | . . Total Orders . | . . Ally Attacks . | . . Total Damage . | . . Kills . | . . Allies Corrupted . | . . Allies Melted . | . . Intel | -11 -10 ------- Run | Jun Mat Robot Analysis Total . | . . Derelict Logs Recovered . | . . Drone Launches . | . . Drone Recoveries . | . . Exploration | -11 -10 ------------- Run | Jun Mat Turns Passed 457 | 3 454 Spaces Moved 204 | 1 203 Core . | . . Treads . | . . Legs . | . . Wheels 204 | 1 203 Hover . | . . Flight . | . . Fastest Speed 80 | 90 80 Average Speed 87 | 90 87 Slowest Speed 100 | 90 100 Overloaded Moves . | . . Propulsion Burnouts . | . . Robots Hopped . | . . Cave-ins Triggered . | . . Exploration Rate (%) 26 | 2 50 Regions Visited 1 Branch Regions . Pre-discovered Areas . | . . Known Exits Taken . | . . Unknown Exits Taken 1 | 1 . Scrap Searched . | . . Spaces Dug . | . . Terrain Destroyed . | . . Melee . | . . Projectile . | . . AOE . | . . Terrain Rammed . | . . Walls Destroyed . | . . Machines Disabled . | . . Actions | -11 -10 --------- Run | Jun Mat Total 354 | 4 350 Wait 36 | . 36 Move 203 | . 203 Hop . | . . Pick Up 11 | . 11 Fast Attach 7 | . 7 Attach 5 | 2 3 Detach 2 | 2 . Swap 1 | . 1 Drop 10 | . 10 Fire 79 | . 79 Melee . | . . Ram . | . . Kick . | . . Crush . | . . Escape Stasis . | . . Rewire . | . . Trap . | . . Miscellaneous . | . . Route ------- -11/Junkyard -10/Materials (discovered 3 exits: [*Mat x2] / Min) History --------- Turn | Location | Event 4 | -11/Junkyard | Discovered new exit (range 0) 4 | -11/Junkyard | Entered Materials 277 | -10/Materials | Discovered new exit (range 6) 291 | -10/Materials | Identified exit to Mines 306 | -10/Materials | Build established: Mutant 352 | -10/Materials | Lost 3 parts (1p1n1w) 355 | -10/Materials | Discovered new exit (range 4) 426 | -10/Materials | Core integrity fell below 50% 434 | -10/Materials | Core integrity fell below 20% 458 | -10/Materials | Destroyed by S-10 Pest with Light Assault Rifle Last Messages --------------- 00382_ Dropped Aluminum Leg. 00384_ Acquired Wheel. 00409_ S-10 Pest destroyed. 00409_ Switching to secondary target: S-10 Pest. 00410_ ALERT: Hostiles spotted, dispatching reinforcements to Terminal M003. 00412_ S-10 Pest suffers critical hit (Burn). 00418_ S-10 Pest destroyed. 00418_ Switching to secondary target: S-10 Pest. 00422_ Med. Laser destroyed. 00424_ Critical hit (Burn: +37). 00429_ Wheel destroyed. 00436_ G-47 Trooper destroyed. 00437_ Wheel destroyed. 00439_ Ion Engine destroyed. 00441_ G-34 Mercenary destroyed. 00450_ Lgt. Assault Rifle destroyed. 00451_ G-34 Mercenary suffers critical hit (Destroy). 00451_ G-34 Mercenary destroyed. 00454_ K-01 Serf collects debris. Map ----- +----------------------------------------------------+ | ?????????????????????????????# ####### | | ?????????????????????????????#######?????## # | | ??????????????????????????????????????????# # | | ????????????????????????????????????####### # | | ???????????????????????????????????? # | | ???????????????????????????????????? # | | ???????????????????????????????????? # | | ???????????????????????????????????? | | ???????????????????????????????????? | | ???????????????????????????^???????? | | ???????????????????????????^ ???? | | ??????????????????????????^ "???? """"" " | | ???????????????????????????^ "???? """"" " | | ??????????????????????????^^ ""??? ""?"" " | | ???????????????????????????# ??? | | ???????????????????????????# ??? | | ???????????????????????????# """"" """"" " | | ???????????????????????????# """"" """"" " | | ???????????????????????????# """"" """"" " | | ???????????????????????????# | | ???????????????????????????# | | ???????????????????????????# """"" """"" " | | ?????????# ################ """"" """"" " | | ?????????# [ w *%[% """"" """"" " | | ?????????# *k= !=%=! | | ??????????? "" ! @ [st | | ??????????? Y" ##############+##### ######### | | ???????????????????????# # #???????? | | ???????????????????????# """ """ #%#???????? | | ???????????????????????# ! """ """ #=#???????? | | ???????????????????????# """ """ #!#???????? | | ???????????????????????# #=#???????? | | ???????????????????????############## #???????? | | ??????????????????????????# # #???????? | | ??????????????????????????# # ######### | | ??????????????????????????# !!! # | | ??????????????????????????# """ ! !=+ | | ??????????????????????????# """ !!! # | | ??????????????????????????# """ # ###+### | | ??????????????????????????# # # | | ??????????????????????????# # < # | | ??????????????????????????########### # """"" | | ????????????????????????????????????##### """"" | | ????????????????????????????????????????# """"" | | ????????????????????????????????????????# """"" | | ????????????????????????????????????????# """"? | | ?????????????>??????????????????????????# ??? | | ????????????????????????????????????????###???? | | ??????????????????????????????????????????????? | | ??????????????????????????????????????????????? | +----------------------------------------------------+ Best States ------------- Heat Dissipation 25 Energy Generation 10 Energy Capacity 250 Matter Stores 300 Matter Capacity 300 Sight Range 16 Terrain Scan Density 10 Evasion (%) 44 Offensive Hacking 10 Item Schematics ----------------- None Robot Schematics ------------------ None Fabricated ------------ Nothing Alien Tech Used ----------------- None Achievements -------------- None Challenges ------------ None Game ------ Seed HackingVortexBattery Manual? 0 Play Time 00:15:54 Cumulative 30.5 hours Start 2023.10.05 @ 13:04:01 End 2023.10.05 @ 13:17:58 Sessions 1 Manual Loads 0 Difficulty Rogue Special Mode None Game No. 9 Rogue 9 Adventurer 0 Explorer 0 Win Type - Total 0 Types 0/0/0/0/0/0/0/0/0 Lore% 14 Gallery% 25 Achievement% 17 Wizard Run 0 Options --------- ASCII 0 Keyboard 0 Movement Numpad Keybinds 0 Fullscreen 1 Font 24/Proggy Map View 76x50 Tactical HUD 1 Map Filters NONE Filters NONE Steam 1 RUN: fbc09ee4-82b7-41c9-9418-ef82feacf833